Map: Catalyst LE

Players

Dessa

  • Race: Zerg Zerg
  • League: Diamond
  • Spawn Location: 11:00

Mahaaaadeen - Winner!

  • Race: Zerg Zerg
  • League: Diamond
  • Spawn Location: 5:00

VOD

Have the link to the VOD?

Description

Time

  • Played on: Jan. 9, 2018, 3:30 p.m.
  • Length: 13:23
Show
View Real Time Build Order
Export as new Build Order

Dessa Zerg 

Build Orders: Pool First 

Get SALT Encoding   

  12  0:01  Drone  
  13  0:13  Overlord  
  13  0:17  Drone  
  14  0:31  Drone x2  
  17  0:35  Drone  
  17  0:39  Extractor  
  16  0:46  Drone  
  17  0:53  Spawning Pool  
  17  0:57  Drone  
  17  1:20  Hatchery  
  16  1:25  Drone  
  18  1:40  Zergling x6  
  18  1:44  Metabolic Boost  
  20  1:51  Overlord  
  20  2:02  Queen  
  22  2:12  Drone  
  22  2:14  Drone  
  24  2:19  Baneling Nest  
  23  2:23  Zergling x2  
  24  2:41  Queen  
  24  2:42  Zergling x4  
  27  2:55  Zergling x6  
  30  3:07  Zergling x2  
  30  3:09  Zergling x4  
  33  3:14  Overlord  
  33  3:17  Baneling x2  
  33  3:18  Baneling  
  31  3:53  Zergling x8  
  35  4:01  Overlord  
  35  4:09  Drone x2  
  35  4:12  Baneling x2  
  35  4:16  Drone x2  
  35  4:17  Drone x3  
  32  4:19  Baneling x2  
  32  4:23  Zergling x2  
  34  4:30  Zergling x4  
  36  4:35  Roach Warren  
  35  4:54  Drone x4  
  39  5:02  Drone x3  
  39  5:03  Overlord, Evolution Chamber x2  
  40  5:10  Lair  
  40  5:13  Drone, Extractor  
  40  5:15  Extractor  
  33  5:21  Zergling x6  
  35  5:34  Zergling x4  
  35  5:35  Zergling x6  
  40  5:39  Baneling x2  
  40  5:43  Drone x2  
  40  5:44  Drone  
  40  5:47  Drone  
  44  5:53  Zerg Ground Armor Level 1  
  44  5:54  Roach  
  43  6:22  Zergling x10  
  43  6:23  Zergling x4  
  43  6:49  Baneling x3  
  43  6:50  Baneling  
  43  6:52  Drone x5  
  43  6:53  Drone  
  43  6:59  Drone  
  44  7:10  Glial Reconstitution  
  42  7:25  Zerg Missile Weapons Level 1  
  42  7:26  Drone x2  
  42  7:29  Drone x3  
  47  7:30  Drone x2  
  47  7:31  Overlord  
  49  7:37  Drone x2  
  49  7:39  Overlord  
  49  7:41  Overlord  
  51  7:47  Hatchery  
  51  7:50  Drone  
  51  7:52  Roach  
  51  7:55  Hydralisk Den  
  52  7:59  Overlord x2  
  52  8:05  Zerg Ground Armor Level 2  
  52  8:09  Ravager  
  52  8:10  Roach  
  52  8:11  Roach  
  57  8:14  Roach  
  59  8:21  Drone x2  
  59  8:22  Roach  
  63  8:30  Drone x3  
  63  8:31  Drone, Overlord  
  67  8:34  Overlord  
  67  8:37  Pneumatized Carapace  
  67  8:40  Drone  
  68  8:43  Roach  
  68  8:44  Roach  
  72  9:01  Queen  
  74  9:03  Drone x4  
  74  9:05  Drone  
  74  9:06  Drone x3  
  74  9:07  Drone x2  
  74  9:08  Drone  
  85  9:19  Roach x3  
  91  9:28  Roach x2  
  91  9:29  Roach  
  100  9:31  Ravager x5  
  100  9:33  Roach  
  100  9:35  Extractor  
  100  9:36  Roach x2  
  107  9:42  Roach x3  
  99  10:21  Roach x4  
  99  10:24  Overlord x2  
  72  10:43  Roach x8  
  72  10:44  Roach x5  
  72  10:47  Ravager x3  
  99  10:53  Extractor  
  99  10:54  Drone x3, Extractor  
  99  10:56  Roach  
  99  10:57  Roach x2  
  106  11:09  Drone x3  
  109  11:18  Infestation Pit  
  108  11:27  Hydralisk x2  
  112  11:34  Hatchery  
  111  11:40  Muscular Augments  
  111  11:48  Drone x3  
  111  11:51  Hydralisk x4  
  122  11:59  Overlord x3  
  122  12:11  Extractor, Lurker Den, Overlord x2  
  122  12:14  Drone, Extractor  
  120  12:22  Overlord  
  116  13:00  Overseer  
  111  13:08  Spine Crawler  
  111  13:09  Spine Crawler  
  111  13:10  Spine Crawler x4  
  111  13:11  Spore Crawler  
  96  13:13  Spine Crawler  
  96  13:16  Spore Crawler  
  96  13:18  Spine Crawler x2  
  96  13:19  Spine Crawler x3  
  76  13:20  Spine Crawler  
Show
View Real Time Build Order
Export as new Build Order

Mahaaaadeen Zerg - Winner!

Build Orders: Hatch First, Zergling Baneling 

Get SALT Encoding   

  12  0:03  Drone  
  13  0:08  Drone  
  14  0:21  Overlord  
  14  0:25  Extractor  
  14  0:26  Extractor  
  14  0:27  Drone  
  13  0:29  Drone  
  16  0:41  Drone  
  17  0:57  Hatchery  
  17  1:00  Drone  
  17  1:01  Drone  
  18  1:13  Extractor  
  18  1:17  Spawning Pool  
  16  1:20  Drone  
  16  1:23  Drone  
  18  1:36  Drone  
  19  1:43  Overlord  
  19  1:53  Drone  
  20  2:05  Queen  
  22  2:10  Zergling x2, Queen  
  22  2:11  Zergling x2  
  22  2:14  Metabolic Boost  
  26  2:17  Drone  
  28  2:22  Drone  
  26  2:39  Zergling x6  
  26  2:42  Zergling x2  
  30  2:58  Drone  
  30  2:59  Drone x2  
  30  3:05  Queen  
  35  3:06  Overlord  
  35  3:23  Baneling Nest  
  35  3:26  Spine Crawler, Zergling x8  
  39  3:27  Zergling x4  
  39  3:32  Queen  
  41  3:43  Zergling x4  
  36  3:49  Zergling x6  
  36  3:53  Zergling x4  
  24  4:17  Drone  
  24  4:18  Drone x2  
  27  4:25  Drone  
  27  4:28  Drone  
  27  4:29  Drone  
  30  4:40  Drone  
  30  4:41  Drone x2  
  30  4:44  Drone  
  34  4:53  Baneling x2  
  34  4:54  Baneling x2  
  34  4:56  Baneling x2  
  34  4:59  Baneling x4  
  34  5:05  Overlord  
  34  5:06  Drone x2  
  32  5:26  Zergling x4  
  32  5:27  Zergling x10  
  38  5:41  Zergling x4  
  40  5:51  Roach Warren, Evolution Chamber  
  40  5:55  Hatchery  
  37  6:00  Drone x5  
  37  6:01  Extractor  
  37  6:02  Extractor  
  40  6:05  Baneling x2  
  37  6:23  Zergling x2  
  36  6:31  Zergling x2  
  36  6:32  Zergling x14  
  36  6:56  Drone x2  
  36  6:57  Drone x3  
  41  7:03  Lair  
  34  7:26  Drone x3  
  34  7:29  Drone x6  
  44  7:30  Drone  
  44  7:36  Drone  
  46  7:37  Drone x2  
  46  7:39  Zerg Missile Weapons Level 1  
  46  7:42  Overlord x2  
  47  7:54  Drone  
  47  7:56  Drone, Extractor  
  47  7:58  Drone, Hatchery  
  47  8:04  Roach x3  
  47  8:05  Roach  
  56  8:07  Glial Reconstitution  
  56  8:12  Queen  
  58  8:26  Roach  
  58  8:27  Roach x4  
  68  8:50  Overlord x3  
  68  8:51  Overlord  
  68  9:00  Overlord x2  
  68  9:11  Drone x4  
  68  9:12  Drone x3  
  68  9:13  Queen  
  77  9:27  Roach  
  77  9:28  Roach x6  
  77  9:29  Ravager  
  77  9:30  Ravager x2  
  77  9:31  Ravager  
  95  9:32  Ravager  
  95  9:33  Ravager, Zerg Ground Armor Level 1  
  95  9:38  Roach x2  
  101  9:44  Roach x2  
  105  9:47  Roach x2  
  109  9:54  Drone x3  
  112  10:01  Overlord x2  
  112  10:02  Roach  
  114  10:07  Roach x2  
  101  10:21  Roach  
  101  10:22  Roach x6  
  101  10:25  Roach x2  
  113  10:42  Roach  
  112  10:43  Roach x4  
  112  10:45  Burrow  
  112  10:46  Tunneling Claws  
  112  10:49  Roach x3  
  122  10:54  Extractor  
  122  10:56  Extractor  
  120  11:00  Roach  
  120  11:01  Roach  
  124  11:08  Hatchery  
  123  11:14  Roach x2, Overlord x2  
  123  11:16  Roach x3  
  135  11:25  Roach  
  135  11:26  Roach  
  135  11:29  Overlord  
  137  11:35  Drone x5  
  137  11:38  Overlord  
  142  12:27  Roach  
  142  12:28  Roach x16  
  142  12:29  Overlord  
  176  12:30  Overlord x4  
  176  12:32  Roach x9  
  176  12:34  Roach x13, Overlord  
  176  12:36  Overlord  
Tags
 
Matchup
ZvZ
Race
Zerg
Replay Pack
2017S4
Spawn Locations
Cross Positions
Add a new tag
Caveats
  • Supply blocks, unpowered buildings, or Contaminate may cause inaccurate times.
  • Supply counts are checked every 10 seconds.